Map: At Eternity's Edge LE

Players

Brightscales

  • Race: Protoss Protoss
  • League: Platinum

A.I. 1 (Very Easy)

  • Race: Zerg Zerg

VOD

Have the link to the VOD?

Description

Time

  • Played on: Aug. 28, 2026, 2:44 a.m.
  • Length: 3:19
Show
View Real Time Build Order
Export as new Build Order

Brightscales Protoss 

Build Orders:  

Get SALT Encoding   

  8  0:00  Probe (Chrono Boost)  
  9  0:12  Probe (Chrono Boost)  
  10  0:18  Probe (Chrono Boost)  
  11  0:26  Probe  
  12  0:34  Pylon  
  12  0:39  Probe  
  13  0:52  Probe  
  14  0:59  Gateway  
  14  1:04  Probe (Chrono Boost)  
  14  1:09  Assimilator  
  15  1:16  Probe (Chrono Boost)  
  16  1:22  Probe (Chrono Boost)  
  17  1:47  Nexus  
  17  1:57  Cybernetics Core  
  17  1:59  Probe  
  18  2:11  Probe  
  18  2:13  Pylon  
  19  2:23  Probe  
  19  2:25  Assimilator  
  20  2:30  Adept (Chrono Boost)  
  20  2:36  Probe  
  23  2:48  Probe  
  23  2:53  Adept (Chrono Boost)  
  25  3:03  Probe x2  
Show
View Real Time Build Order
Export as new Build Order

A.I. 1 (Very Easy) Zerg 

Build Orders: Hatch First 

Get SALT Encoding   

  8  0:00  Drone  
  9  0:11  Drone  
  10  0:18  Drone  
  11  0:25  Drone  
  12  0:33  Overlord  
  12  0:52  Drone  
  13  0:59  Drone  
  14  1:11  Hatchery  
  13  1:16  Drone  
  14  1:33  Spawning Pool  
  14  1:36  Drone  
  14  1:41  Extractor  
  14  1:43  Drone  
  14  1:50  Overlord  
  14  2:19  Queen  
  14  2:20  Zergling x2  
  14  2:22  Zergling x2  
  18  2:32  Roach Warren  
  18  2:35  Drone  
  18  2:41  Extractor  
  18  2:43  Drone  
  18  2:50  Drone  
  19  2:58  Drone  
  20  3:05  Drone  
Tags
 
Add a new tag
Caveats
  • Supply blocks, unpowered buildings, or Contaminate may cause inaccurate times.
  • Supply counts are checked every 10 seconds.